 Dungeon Crawl Stone Soup version 0.27-a0-1296-g8ece459b43 (console) character file.

Game seed: 1240910375678334157

38 Hector the Cutter (level 3, 0/19 HPs)
             Began as a Spriggan Abyssal Knight on June 16, 2021.
             Was a Follower of Lugonu.
             Slain by a lemure (9 damage)
             ... led by Pikel
             ... on level 3 of the Dungeon.
             The game lasted 00:04:47 (2801 turns).

Hector the Cutter (Spriggan Abyssal Knight)         Turns: 2801, Time: 00:04:48

Health: 0/19       AC:  2    Str:  8    XL:     3   Next: 25%
Magic:  6/6        EV: 17    Int: 14    God:    Lugonu [*.....]
Gold:   22         SH:  0    Dex: 14    Spells: 5/5 levels left

rFire    . . .     SeeInvis +   a - +1 short sword
rCold    . . .     Faith    .   (shield restricted)
rNeg     . . .     Spirit   .   b - +0 robe
rPois    .         Reflect  .   (helmet restricted)
rElec    .         Harm     .   (no cloak)
rCorr    .         Rampage  .   (gloves unavailable)
Will     .....                  (boots unavailable)
Stlth    +.........             (no amulet)
HPRegen  0.06/turn              (no ring)
MPRegen  0.10/turn              (no ring)

@: very quick
A: very small, no large weapons, unfitting armour, see invisible, speed 3
a: Renounce Religion, Depart the Abyss


You were on level 3 of the Dungeon.
You worshipped Lugonu.
Lugonu was aware of your devotion.
You visited 1 branch of the dungeon, and saw 4 of its levels.
You visited the Abyss 1 time.

You collected 99 gold pieces.
You spent 77 gold pieces at shops.

Inventory:

Hand Weapons
 a - a +1 short sword (weapon)
 f - a +0 dagger
Missiles
 c - 4 curare-tipped darts
 g - 67 sling bullets
 i - 32 poisoned darts (quivered)
 k - 3 boomerangs
 n - 12 stones
Armour
 b - a +0 robe (worn)
Scrolls
 d - 4 scrolls of identify
 e - a scroll of summoning {unknown}
 j - a scroll of fear {unknown}
 o - a scroll of magic mapping
 p - a scroll of torment {unknown}
Potions
 h - a potion of attraction
 l - 2 potions of curing
 m - 2 potions of heal wounds


   Skills:
 - Level 2.4 Fighting
 * Level 3.6 Short Blades
 - Level 3.2 Dodging
 * Level 1.8 Spellcasting
 - Level 1.7 Invocations


You had 5 spell levels left.
You didn't know any spells.
Your spell library was empty.

Dungeon Overview and Level Annotations

Branches:
Dungeon (4/15)
 Temple: D:4-7

Altars:

Shops:
D:3 ?

Annotations:
D:4 Pikel


Innate Abilities, Weirdness & Mutations

You are very small and have problems with some larger weapons.
You are too small for most types of armour.
You have supernaturally acute eyesight. (SInv)
You cover ground extremely quickly. (Speed+++)


Message History

You hit the lemure but do no damage. The lemure closely misses you.
You closely miss the lemure. The lemure hits you.
You barely miss the lemure. The lemure closely misses you.
You completely miss the lemure. The lemure misses you.
You hit the lemure.
The lemure is lightly wounded.
You hit the lemure.
The lemure is lightly wounded.
The lemure closely misses you.
You hit the lemure but do no damage.
The lemure is lightly wounded.
The lemure misses you.
You hit the lemure but do no damage.
The lemure is lightly wounded.
The lemure hits you!
You barely miss the lemure.
The lemure is lightly wounded.
The lemure barely misses you.
You closely miss the lemure.
The lemure is lightly wounded.
The lemure barely misses you.
You barely miss the lemure.
The lemure is lightly wounded.
The lemure misses you.
You closely miss the lemure.
The lemure is lightly wounded.
The lemure closely misses you.
You hit the lemure but do no damage.
The lemure is lightly wounded.
The lemure closely misses you.
You barely miss the lemure.
The lemure is lightly wounded.
The lemure barely misses you.
You barely miss the lemure.
The lemure is lightly wounded.
The lemure barely misses you.
You barely miss the lemure.
The lemure is lightly wounded.
The lemure hits you!
You die...

.#.#..#.# #..♣♣♣...#
.#.##.#.# #.......##
.#.##.#.# #####.#.#
.#.##.#.# #...# ......#.#
###.# ......#.# #.#
......#.# #.#
......#.########## #.#
...............5@# #.#
......############ #.#
............# #.#
......#####.# #.# ......#
#.# #.# ......#
#.############.#
......#####..............#
..............############
..............#


You could see a lemure.

Vanquished Creatures
  6 bats
  5 endoplasms
  A giant cockroach (D:3)
  4 hobgoblins
  2 jackals (D:1)
  3 quokkas
  2 ball pythons
  2 frilled lizards
  2 goblins (D:1)
  3 kobolds
  6 rats
36 creatures vanquished.

Notes
Turn   | Place    | Note
-------+----------+-------------------------------------------
     0 | Abyss:1  | Hector the Spriggan Abyssal Knight began the quest for the
                  | Orb.
     0 | Abyss:1  | Reached XP level 1. HP: 11/11 MP: 3/3
   207 | Abyss:1  | Noticed an ice beast
   234 | Abyss:1  | Noticed a fire giant zombie
   286 | Abyss:1  | Noticed a chaos spawn
   287 | D:1      | Escaped the Abyss
   485 | D:1      | Reached * piety under Lugonu
   486 | D:1      | Reached skill level 1 in Spellcasting
   567 | D:1      | Reached XP level 2. HP: 16/16 MP: 4/4
  1562 | D:2      | Reached XP level 3. HP: 11/19 MP: 6/6
  2349 | D:3      | Found Unea's Magic Scroll Shop.
  2357 | D:3      | Bought a scroll of magic mapping for 49 gold pieces
  2357 | D:3      | Bought a scroll of identify for 28 gold pieces
  2782 | D:4      | Noticed Pikel
  2782 | D:4      | Noticed a lemure
  2782 | D:4      | Noticed a lemure
  2782 | D:4      | Noticed a lemure
  2782 | D:4      | Noticed a lemure
  2801 | D:3      | Slain by a lemure

Illustrated notes

Levels and vault maps discovered:
D:1:      wander_arrival_estate, layout_basic
D:2:      layout_rooms, minmay_pentomino_u2
D:3:      layout_basic, serial_shops, shop, minmay_stone_trees_small
D:4:      layout_cave_pools, grunt_temple_overflow_lords_of_destruction,
          nemelex_spade_bored_becter, guppyfry_early_lair_pool,
          uniq_blork_the_orc, uniq_pikel, uniq_natasha

Skill      XL: |  1  2 |
---------------+-------+-----
Spellcasting   | 1 |  1.8
Short Blades   | 3 |  3.6
Fighting       | |  2.4
Dodging        | |  3.2
Invocations    | |  1.7

Action                   || total
-------------------------++-------
Melee: Short sword       ||   156
Invok: Depart the Abyss  ||     1
  Use: Scroll            ||     3
 Stab: Sleeping          ||     2
Armor: Robe              ||    11
Dodge: Dodged            ||   128

Table legend: (Time is in decaauts)
 A = Elapsed time spent in this place.
 B = Non-inter-level travel time spent in this place.
 C = Inter-level travel time spent in this place.
 D = Time resting spent in this place.
 E = Time spent auto-exploring this place.
 F = Levels seen in this place.
 G = Mean time per level.
                   A        B        C        D        E       F      G
               +--------+--------+--------+--------+--------+-----+--------+
         Total |   2027 |   1945 |     82 |      0 |   1593 |   5 |  405.4 |
       Dungeon |   1849 |   1767 |     82 |      0 |   1458 |   4 |  462.2 |
         Abyss |    177 |    177 |      0 |      0 |    135 |   1 |  177.0 |
               +--------+--------+--------+--------+--------+-----+--------+

Top non-repeatable levels by time:
     D:1: 662 daAuts
     D:2: 618 daAuts
     D:3: 563 daAuts
 Abyss:1: 177 daAuts
     D:4: 4 daAuts
